 Dungeon Crawl Stone Soup version 0.31-a0-232-gb1c03b2570 (webtiles) character file.

Game seed: 10851088557554330492

30 qw the Shooter (level 3, -4/29 HPs)
             Began as a Minotaur Hexslinger on July 7, 2023.
             Slain by Sigmund
             ... wielding a +0 scythe
              (7 damage)
             ... on level 2 of the Dungeon.
             The game lasted 00:00:21 (1094 turns).

qw the Shooter (Minotaur Hexslinger)                Turns: 1094, Time: 00:00:22

Health: -4/29      AC:  6    Str: 12    XL:     3   Next: 5%
Magic:  0/3        EV: 12    Int: 10    God:
Gold:   48         SH:  0    Dex: 14    Spells: 3/4 levels left

rFire   . . .        Y - +1 sling
rCold   . . .        (no shield)
rNeg    . . .        f - +3 leather armour
rPois   .            (helmet restricted)
rElec   .            (no cloak)
rCorr   .            (no gloves)
SInv    .            (no boots)
Will    .....        g - amulet of guardian spirit
Stlth   +            (no ring)
HPRegen 0.24/turn    (no ring)
MPRegen 0.08/turn

%: guardian spirit
@: lethally poisoned (-4 -> -5)
A: horns 2, retaliatory headbutt
a: no special abilities


You were on level 2 of the Dungeon.
You visited 1 branch of the dungeon, and saw 2 of its levels.

You collected 48 gold pieces.


Innate Abilities, Weirdness & Mutations

You have a pair of horns on your head.
You reflexively headbutt those who attack you in melee.


   Skills:
 - Level 2.0 Fighting
 + Level 3.6 Ranged Weapons
 - Level 2.1 Dodging
 - Level 1.0 Spellcasting
 - Level 2.0 Hexes


You had 3 spell levels left.
You knew the following spells:

 Your Spells              Type           Power      Damage    Failure   Level
a - Slow                  Hex            16%        N/A       19%         1

Your spell library contained the following spells:

 Spells                   Type           Power      Damage    Failure   Level
 Inner Flame              Hex/Fire       2%         N/A       65%         3
 Portal Projectile        Hex/Tloc       4%         N/A       65%         3
 Cause Fear               Hex            2%         N/A       88%         4

Inventory:

Hand Weapons
 Y - a +1 sling (weapon)
Armour
 f - a +3 leather armour (worn)
Jewellery
 b - a +4 ring of protection
 g - an amulet of guardian spirit (around neck)
Scrolls
 a - a scroll of immolation {unknown}

Dungeon Overview and Level Annotations

Branches:
Dungeon (2/15)

Altars:

Annotations:
D:2 Sigmund


Message History

Sigmund screams, "Die, monster!"
You shoot a sling bullet.
The sling bullet completely misses the adder.
The sling bullet closely misses Sigmund.
The adder bites you but does no damage. The adder bites you.
You are poisoned.
The adder poisons you!
You shoot a sling bullet.
The sling bullet closely misses the adder.
The sling bullet hits Sigmund but does no damage.
You feel sick. The adder bites you but does no damage. The adder bites you.
You shoot a sling bullet. The sling bullet hits the adder.
The adder is severely wounded.
You feel sick.
Sigmund gestures wildly while chanting.
Sigmund flickers and vanishes!
Deactivating autopickup; reactivate with Ctrl-A.
The adder misses you. You furiously retaliate!
You headbutt the adder. You shoot a sling bullet.
The sling bullet misses the adder.
You feel sick. The adder bites you.
You are more poisoned.
The adder poisons you! The adder bites you but does no damage.
Something hits you but does no damage.
You shoot a sling bullet.
The sling bullet hits the adder but does no damage.
The adder is almost dead.
You feel sick. The adder bites you but does no damage. The adder misses you.
You shoot a sling bullet.
The sling bullet barely misses the adder.
You feel sick. Something hits you. The adder bites you.
You shoot a sling bullet. The sling bullet hits the adder!
You kill the adder!
You feel sick. Something hits you.
You have reached level 3!
Your experience leads to an increase in your attributes!
Increase (S)trength, (I)ntelligence, or (D)exterity?
You feel agile. x2
You shoot a sling bullet.
You feel sick. Something hits you!
You die...

#.#.#.#.#.#
########+#...#.#.#
..........####.#.#
..=.......+ .#.#
..........# #.#
..(.......# #.#
..........# #.#
..........# #.#
.....{.@..# #.#
..........######.#
.................#
##################


There were no monsters in sight!

Vanquished Creatures
  An adder (D:2)
  4 endoplasms
  2 giant cockroaches
  2 goblins (D:1)
  A hobgoblin (D:1)
  A kobold (D:1)
  3 ball pythons
  A bat (D:1)
  3 frilled lizards
  2 rats (D:1)
  A spectral hobgoblin (D:1)
21 creatures vanquished.

Notes
Turn   | Place    | Note
-------+----------+-------------------------------------------
     0 | D:1      | qw the Minotaur Hexslinger began the quest for the Orb.
     0 | D:1      | Reached XP level 1. HP: 16/16 MP: 1/1
     0 | D:1      | 0 ||| qw: Version: 0.3-a-46-gb1f654a
     0 | D:1      | 0 ||| qw: Game counter: 2199
     0 | D:1      | 0 ||| qw: Melee chars always use a shield: true
     0 | D:1      | 0 ||| qw: God list: Okawaru
     0 | D:1      | 0 ||| qw: Allow faded altars: false
     0 | D:1      | 0 ||| qw: Do Orc after clearing Dungeon:15 true
     0 | D:1      | 0 ||| qw: Do second Lair branch before Depths: true
     0 | D:1      | 0 ||| qw: Lair rune preference: random
     0 | D:1      | 0 ||| qw: Goals: Normal
     0 | D:1      | 0 ||| PLANNING D:1-11
   156 | D:1      | Reached skill level 3 in Ranged Weapons
   174 | D:1      | Reached XP level 2. HP: 23/23 MP: 2/2
   497 | D:1      | Found a faded altar of an unknown god.
   622 | D:1      | 622 ||| UPGRADING to +3 leather armour.
   632 | D:1      | 632 ||| DROPPING +0 robe.
   633 | D:1      | 633 ||| UPGRADING to amulet of guardian spirit.
   638 | D:1      | 638 ||| READING scroll labelled TUITATY YDAIZ.
   676 | D:1      | 676 ||| DRINKING 2 murky grey potions.
   781 | D:1      | 781 ||| DROPPING scroll of poison.
   782 | D:1      | 782 ||| DROPPING potion of berserk rage.
   912 | D:2      | Identified the +4 plate armour "Qoywn" {+Blink rC++}
  1085 | D:2      | Noticed Sigmund
  1092 | D:2      | HP: 5/24 [something (4)]
  1094 | D:2      | Reached XP level 3. HP: 3/29 MP: 0/3
  1094 | D:2      | Slain by Sigmund

Levels and vault maps discovered:
D:1:      moated_graveyard_arrival, layout_basic,
          dreamdust_ecumenical_altar_drowned_temple
D:2:      layout_basic, serial_shops, shop, uniq_sigmund

Skill      XL: |  1  2 |
---------------+-------+-----
Ranged Weapons | 3 |  3.6
Fighting       | 2 |  2.0
Dodging        | |  2.1
Spellcasting   | |  1.0
Hexes          | |  2.0

Action                     || total
---------------------------++-------
   Fire: Sling             ||    78
    Use: Scroll            ||     1
         Potion            ||     1
 Armour: Robe              ||     3
         Leather armour    ||     6
  Dodge: Dodged            ||    12

Table legend:
 A = Non-vault XP
 B = Vault XP
 C = Vault XP percentage of total XP
 D = Non-vault monster count
 E = Vault monster count
 F = Vault count percentage of total count
                 A         B        C        D         E       F
            +---------+---------+-------+---------+---------+-------
      Total |      43 |       1 |   2.3 |      20 |       1 |   4.8
            +---------+---------+-------+---------+---------+-------
        D:1 |      20 |       1 |   4.8 |      13 |       1 |   7.1
        D:2 |      23 |       0 |   0.0 |       7 |       0 |   0.0
            +---------+---------+-------+---------+---------+-------
